 Dungeon Crawl Stone Soup version 0.31.0-11-ge490571c62 (webtiles) character file.

Game seed: 15411022626890167224

55 qw the Shooter (level 3, -8/20 HPs)
             Began as a Deep Elf Hunter on Feb 3, 2024.
             Mangled by Sigmund
             ... wielding a +0 scythe of distortion
              (17 damage)
             ... on level 2 of the Dungeon.
             The game lasted 00:00:03 (895 turns).

qw the Shooter (Deep Elf Hunter)                     Turns: 895, Time: 00:00:03

Health: -8/20      AC:  3    Str: 10    XL:     3   Next: 67%
Magic:  5/5        EV: 12    Int: 13    God:
Gold:   49         SH:  0    Dex: 18    Spells: 2/2 levels left

rFire   . . .        a - +0 shortbow
rCold   . . .        (shield currently unavailable)
rNeg    . . .        c - +0 leather armour
rPois   .            (no helmet)
rElec   .            (no cloak)
rCorr   .            (no gloves)
SInv    .            (no boots)
Will    +....        (no amulet)
Stlth   ++           e - ring of willpower
HPRegen 0.23/turn    (no ring)
MPRegen 0.09/turn

%: no passive effects
@: no status effects
A: no striking features
a: no special abilities


You were on level 2 of the Dungeon.
You visited 1 branch of the dungeon, and saw 2 of its levels.

You collected 49 gold pieces.


   Skills:
 - Level 1.5 Fighting
 + Level 7.2 Ranged Weapons
 - Level 2.4 Dodging
 - Level 1.2 Stealth


You had 2 spell levels left.
You didn't know any spells.
Your spell library was empty.

Inventory:

Hand Weapons
 a - a +0 shortbow (weapon)
Armour
 c - a +0 leather armour (worn)
 k - a +0 scale mail
Jewellery
 e - a ring of willpower (left hand)
Scrolls
 b - a scroll of torment {unknown}
 d - a scroll of blinking {unknown}
 h - a scroll of identify {unknown}
 j - a scroll of vulnerability {unknown}
Potions
 f - a potion of heal wounds {unknown}
 g - a potion of might {unknown}
 i - 2 potions of curing {unknown}

Dungeon Overview and Level Annotations

Branches:
Dungeon (2/15)

Altars:

Annotations:
D:2 1 runed translucent door, Crazy Yiuf, Sigmund


Message History

You shoot an arrow. The arrow barely misses the kobold.
The kobold hits you but does no damage.
You shoot an arrow.
The arrow hits the kobold but does no damage.
The kobold is moderately wounded.
The kobold misses you.
You shoot an arrow.
The arrow hits the kobold but does no damage.
The kobold is moderately wounded.
The kobold barely misses you.
You shoot an arrow. The arrow hits the kobold.
You kill the kobold!
Found a serpent talisman.
A quokka comes into view.
You shoot an arrow. The arrow hits the quokka!
You kill the quokka!
Sigmund the Dreaded comes into view.
He is wielding a +0 scythe of distortion.
You shoot an arrow. The arrow hits Sigmund.
Sigmund shouts!
Sigmund is lightly wounded.
You shoot an arrow. The arrow hits Sigmund.
Sigmund is lightly wounded.
Sigmund misses you.
You shoot an arrow. The arrow hits Sigmund.
Sigmund is moderately wounded.
Sigmund casts a spell.
Sigmund flickers and vanishes!
Deactivating autopickup; reactivate with Ctrl-A.
You shoot an arrow. Something hits you but does no damage.
You blink.
You shoot an arrow. You shoot an arrow.
You hear some strange, mumbled words.
Something tries to affect you, but you resist.
You shoot an arrow. Something hits you! Space warps around you.
You shoot an arrow. Something hits you but does no damage.
Space warps horribly around you!
Ouch! That really hurt!
You die...

####.#..#.# ##.....#.#
#.#..#.# #........###
#.#.(#.# #...........
#.#..#.## #........###
#)#...#.##
#...........
#.#..###.## ###
#)#......### #.#.##
##.## #.# #.........
#..##
##.###.#.##.#######.#
#.#.## ##..##@# #.#.#
.#
#|#..###.#.#{#####..#
.#
#.#...#.............#
#.####.###.#.##..#..#
#.# #.# #.##.....#.#
#.####.###.##....##^#
#.............#.###..
######.###.####.......
#.###.....>#######


There were no monsters in sight!

Vanquished Creatures
  2 adders (D:2)
  2 dart slugs (D:1)
  A ribbon worm (D:2)
  A ball python (D:2)
  4 endoplasms
  A goblin (D:1)
  A hobgoblin (D:1)
  3 quokkas (D:2)
  6 bats
  3 frilled lizards
  6 kobolds
30 creatures vanquished.

Notes
Turn   | Place    | Note
-------+----------+-------------------------------------------
     0 | D:1      | qw the Deep Elf Hunter began the quest for the Orb.
     0 | D:1      | Reached XP level 1. HP: 12/12 MP: 3/3
     0 | D:1      | 0 ||| qw: Version: 0.3-a-157-g843a77d
     0 | D:1      | 0 ||| qw: Game counter: 3977
     0 | D:1      | 0 ||| qw: Melee chars always use a shield: true
     0 | D:1      | 0 ||| qw: God list: Okawaru
     0 | D:1      | 0 ||| qw: Allow faded altars: false
     0 | D:1      | 0 ||| qw: Do Orc after clearing Dungeon:15 true
     0 | D:1      | 0 ||| qw: Do second Lair branch before Depths: true
     0 | D:1      | 0 ||| qw: Lair rune preference: random
     0 | D:1      | 0 ||| qw: Goals: Normal
     0 | D:1      | 0 ||| PLANNING D:1-11
   210 | D:1      | Reached skill level 6 in Ranged Weapons
   210 | D:1      | Reached XP level 2. HP: 16/16 MP: 4/4
   587 | D:1      | 587 ||| UPGRADING to ring of willpower.
   588 | D:1      | 588 ||| READING 2 scrolls labelled YWIVVI SORA.
   589 | D:1      | 589 ||| READING scroll labelled IMUIZEB XUAFYU.
   590 | D:1      | 590 ||| DROPPING scroll of butterflies.
   591 | D:1      | 591 ||| DROPPING scroll of noise.
   612 | D:2      | Reached XP level 3. HP: 20/20 MP: 5/5
   713 | D:2      | Found a runed translucent door.
   714 | D:2      | Noticed Crazy Yiuf
   811 | D:2      | Reached skill level 7 in Ranged Weapons
   887 | D:2      | Noticed Sigmund
   895 | D:2      | Mangled by Sigmund

Levels and vault maps discovered:
D:1:      evilmike_arrival_fibonacci_small, layout_basic
D:2:      layout_loops_ring, uniq_sigmund, uniq_natasha, uniq_crazy_yiuf_cottage

Skill      XL: |  1  2  3 |
---------------+----------+-----
Ranged Weapons | 6 7 |  7.2
Fighting       | |  1.5
Dodging        | |  2.4
Stealth        | |  1.2

Action                     || total
---------------------------++-------
   Fire: Shortbow          ||    77
    Use: Scroll            ||     2
 Armour: Leather armour    ||     8
  Dodge: Dodged            ||     7

Table legend:
 A = Non-vault XP
 B = Vault XP
 C = Vault XP percentage of total XP
 D = Non-vault monster count
 E = Vault monster count
 F = Vault count percentage of total count
                 A         B        C        D         E       F
            +---------+---------+-------+---------+---------+-------
      Total |      79 |       0 |   0.0 |      30 |       0 |   0.0
            +---------+---------+-------+---------+---------+-------
        D:1 |      29 |       0 |   0.0 |      15 |       0 |   0.0
        D:2 |      50 |       0 |   0.0 |      15 |       0 |   0.0
            +---------+---------+-------+---------+---------+-------
